 Dungeon Crawl Stone Soup version 0.19-a0-611-gb5a7e8d (webtiles) character file.

707 zzz the Shield-Bearer (level 7, -2/49 HPs)
             Began as a High Elf Fighter on June 13, 2016.
             Was a Follower of Makhleb.
             Slain by an ice beast (13 damage)
             ... on level 6 of the Dungeon.
             The game lasted 00:12:15 (6371 turns).

zzz the Shield-Bearer (High Elf Fighter)            Turns: 6371, Time: 00:12:17

Health: -2/49      AC: 15    Str: 15    XL:     7   Next: 40%
Magic:  10/10      EV:  2    Int: 14    God:    Makhleb [*.....]
Gold:   218        SH:  9    Dex: 15    Spells: 0 memorised, 9 levels left

rFire  . . .     SeeInvis .     a - +1 war axe
rCold  . . .     Gourm    .     t - +0 plate armour
rNeg   . . .     Faith    .     c - +0 shield
rPois  .         Spirit   .     (no helmet)
rElec  .         Dismiss  +     b - +1 cloak
rCorr  .         Reflect  .     (no gloves)
SustAt .         Harm     .     i - +0 pair of boots
MR     +....                    x - amulet of dismissal
Stlth  ..........               (no ring)
                                g - ring of protection from magic

@: somewhat resistant to hostile enchantments, extremely unstealthy
A: no striking features
a: Renounce Religion


You were on level 6 of the Dungeon.
You worshipped Makhleb.
Makhleb was aware of your devotion.
You were hungry.

You visited 2 branches of the dungeon, and saw 7 of its levels.

You collected 218 gold pieces.

Inventory:

Hand Weapons
 a - a +1 war axe (weapon)
Missiles
 k - 8 javelins (quivered)
Armour
 b - a +1 cloak (worn)
 c - a +0 shield (worn)
 i - a +0 pair of boots (worn)
 p - a +0 chain mail
 t - a +0 plate armour (worn)
Jewellery
 g - a ring of protection from magic (left hand)
 x - an amulet of dismissal (around neck)
Wands
 d - a wand of flame (5/48)
Scrolls
 r - a scroll of fear {unknown}
 s - 3 scrolls of teleportation {unknown}
 u - a scroll of noise {unknown}
 w - 3 scrolls of enchant weapon
 y - a scroll of summoning {unknown}
 A - 2 scrolls of blinking
 B - a scroll of enchant armour {unknown}
 C - a scroll of remove curse
 D - 2 scrolls of amnesia {unknown}
Potions
 e - 4 potions of brilliance
 h - a potion of lignification {unknown}
 l - a potion of curing
 m - 2 potions of haste {unknown}
 n - a potion of heal wounds {unknown}
 o - a potion of degeneration {unknown}
 v - a potion of agility {unknown}
 z - a potion of ambrosia
 E - a potion of mutation {unknown}
Comestibles
 f - 5 bread rations
 j - 5 meat rations
 q - a beef jerky


   Skills:
 * Level 4.3 Fighting
 * Level 3.5 Axes
 * Level 4.5 Armour
 + Level 1.6 Stealth
 * Level 4.5 Shields
 + Level 1.5 Spellcasting
 + Level 1.2 Invocations


You had 9 spell levels left.
You didn't know any spells.

Dungeon Overview and Level Annotations

Branches:
Dungeon (6/15)             Temple (1/1) D:4

Altars:
Ashenzari
Dithmenos
Elyvilon
Gozag
Hepliaklqana
Makhleb
Nemelex Xobeh
Okawaru
Pakellas
Qazlal
Sif Muna
Trog
Uskayaw
Vehumet
Xom
Zin
The Shining One

Shops:
D:6 (

Annotations:
D:5 exclusion: statue


Message History

You barely miss the ice beast.
The ice beast is heavily wounded.
The ice beast hits you. The ice beast freezes you!
You hit the ice beast.
The ice beast is heavily wounded.
The ice beast hits you but does no damage.
Your plate armour prevents you from hitting the ice beast.
The ice beast is heavily wounded.
The ice beast hits you but does no damage. x2
Okay, then.
Zapping:
d - a wand of flame {zapped: 1} (will waste charges)
Press: ? - help, Shift-Dir - straight line, f - ice beast
Aim: an ice beast (heavily wounded)
The puff of flame hits the ice beast.
The ice beast melts!
The ice beast is severely wounded.
Evoking this partially-identified wand wasted a few charges.
The ice beast hits you.
* * * LOW HITPOINT WARNING * * *
The ice beast freezes you!
You die...

###.## ##.##
...... ## #.#
#.###. .. #.# # #.
#.# #. #.# #> #.#
#. ##.##
##.###########(..#
#..Y@............#
#..###########...#
#.. ##### #$. #$.
#.. ##. #.


You could see an ice beast.

Vanquished Creatures
  Duvessa (D:5)
  Dowan (D:5)
  A scorpion (D:6)
  A giant frog zombie (D:5)
  A centaur skeleton (D:4)
  8 worker ants
  A hound skeleton (D:6)
  A worker ant zombie (D:5)
  6 adders
  A shadow imp (D:5)
  3 oozes
  An adder skeleton (D:5)
  4 worms
  4 dart slugs
  5 giant geckos
  7 orcs
  5 giant cockroaches
  4 hobgoblins
  34 jackals
  2 quokkas (D:4)
  2 ball pythons
  8 bats
  3 giant gecko skeletons
  6 giant newts
  6 goblins
  10 kobolds
  A quokka zombie (D:3)
  6 rats
133 creatures vanquished.

Notes
Turn   | Place    | Note
--------------------------------------------------------------
     0 | D:1      | zzz the High Elf Fighter began the quest for the Orb.
     0 | D:1      | Reached XP level 1. HP: 16/16 MP: 2/2
    91 | D:1      | Reached XP level 2. HP: 13/21 MP: 3/3
   621 | D:1      | Found a shattered altar of Ashenzari.
   692 | D:1      | Reached XP level 3. HP: 9/26 MP: 4/4
  1610 | D:2      | Found a faded altar of an unknown god.
  1675 | D:2      | Found a glowing golden altar of the Shining One.
  1752 | D:2      | Reached XP level 4. HP: 9/31 MP: 5/5
  3445 | D:3      | Reached XP level 5. HP: 34/37 MP: 6/6
  3829 | D:4      | Found a hazy altar of Hepliaklqana.
  4156 | D:4      | Found a stormy altar of Qazlal.
  4196 | D:4      | Reached XP level 6. HP: 35/43 MP: 7/7
  4269 | D:4      | Found a staircase to the Ecumenical Temple.
  4284 | Temple   | Entered the Ecumenical Temple
  4388 | Temple   | Became a worshipper of Makhleb the Destroyer
  5108 | D:5      | Entered Level 5 of the Dungeon
  5576 | D:5      | Noticed Dowan
  5579 | D:5      | Noticed Duvessa
  5584 | D:5      | Killed Dowan
  5593 | D:5      | Killed Duvessa
  5593 | D:5      | Reached * piety under Makhleb
  5593 | D:5      | Reached skill level 1 in Stealth
  5593 | D:5      | Reached skill level 1 in Invocations
  5593 | D:5      | Reached XP level 7. HP: 14/48 MP: 7/9
  5860 | D:5      | Reached skill level 1 in Spellcasting
  5891 | D:5      | Found a white marble altar of Elyvilon.
  5973 | D:5      | Found a radiant altar of Vehumet.
  6273 | D:6      | Found Huom's Antique Weapon Shoppe.
  6291 | D:6      | Found a shimmering altar of Xom.
  6371 | D:6      | Slain by an ice beast

Vault maps used:
D:1:      lemuel_arrival_lava_pool, ashenzari_altar_1
D:2:      lemuel_crystal_altar, ecumenical_altar_1
D:4:      kennysheep_little_box, grunt_qazlal_clouds,
          minmay_temple_entry_statues_pillars, first_bread
D:5:      vehumet_statue, elyvilon_altar_3, uniq_duvessa
D:6:      fedhas_altar_2, amethyst_overflow_temple_binary, serial_shops, shop,
          basic_altar, serial_glass, glass_columns_b, glass_columns_a
Temple:   jpeg_temple_clearing_12

Skill      XL: |  1  2  3  4  5  6  7 |
---------------+----------------------+-----
Armour         | 3 4 |  4.5
Axes           | 2 3 |  3.5
Shields        | 3 4 |  4.5
Fighting       | 4 |  4.3
Stealth        | 1 |  1.6
Invocations    | 1 |  1.2
Spellcasting   | 1 |  1.5

Action                   |  1- 3 |  4- 6 |  7- 9 || total
-------------------------+-------+-------+-------++-------
Melee: War axe           |   132 |   340 |    65 ||   537
Evoke: Wand              |       |       |     1 ||     1
  Use: Scroll            |       |     7 |       ||     7
       Potion            |       |     1 |       ||     1
  Eat: Chunk             |     3 |     8 |     1 ||    12
       Bread ration      |       |     1 |       ||     1
       Beef jerky        |       |       |     1 ||     1
Armor: Scale mail        |    84 |    58 |       ||   142
       Chain mail        |       |    45 |       ||    45
       Plate armour      |       |   101 |    82 ||   183
Dodge: Dodged            |    55 |    52 |    12 ||   119
Block: Shield            |    82 |   171 |    36 ||   289
